 Dungeon Sprint DCSS version 0.17-a0-1691-g18a3847 (webtiles) character file.

49 Kidiri the Sneak (level 3, 0/16 HPs)
             Began as a Spriggan Enchanter on Aug 20, 2015.
             Slain by a phantom (9 damage)
             ... in the Dungeon (Sprint III: "The Ten Rune Challenge").
             The game lasted 00:01:14 (385 turns).

Kidiri the Sneak (Spriggan Enchanter)                Turns: 385, Time: 00:01:14

Health: 0/16       AC:  4    Str:  4    XL:     3   Next: 53%
Magic:  8/10       EV: 21    Int: 16    God:
Gold:   12         SH:  0    Dex: 17    Spells: 4 memorised, 2 levels left

rFire  + . .     SeeInvis +     a - +1 dagger
rCold  . . .     Clarity  .     m - +2 robe {rF+}
rNeg   . . .     SustAt   .     (shield restricted)
rPois  .         Gourm    .     (helmet restricted)
rElec  .         Spirit   .     (no cloak)
rCorr  .         Warding  .     (gloves unavailable)
rMut   .         NoTele   +     (boots unavailable)
MR     .....                    (no amulet)
Stlth  ++........               (no ring)
                                (no ring)

@: very quick, not resistant to hostile enchantments, unstealthy
A: unfitting armour, see invisible, herbivore 3, speed 3, slow metabolism 2
a: no special abilities


You were in the Dungeon.
You were not hungry.

You visited 1 branch You collected 12 gold pieces.

Inventory:

Hand weapons
 a - a +1 dagger (weapon)
Armour
 m - a +2 robe of fire resistance (worn)
Magical devices
 l - a wand of hasting (7)
Scrolls
 j - a scroll of blinking
Potions
 e - a potion of curing
 f - a potion of heal wounds
 g - a potion of haste
 h - 2 potions of magic
 i - a potion of berserk rage
 k - a potion of agility {unknown}
Books
 c - a book of Maledictions

   Spells                             Type                      Level
   a - Corona                         Hexes                        1
   b - Ensorcelled Hibernation        Hexes/Ice                    2
   c - Confuse                        Hexes                        3
   d - Tukima's Dance                 Hexes                        3
   e - Dazzling Spray                 Conjuration/Hexes            3
Comestibles
 d - a bread ration


   Skills:
 + Level 2.7 Short Blades
 * Level 5.7 Dodging
 * Level 7.0 Stealth
 * Level 4.8 Spellcasting
 + Level 4.6 Hexes
 + Level 0.5 Ice Magic


You had 2 spell levels left.
You knew the following spells:

 Your Spells              Type           Power        Failure   Level  Hunger
a - Corona                Hex            ###....      2%          1    None
b - Ensorcelled Hibernat  Hex/Ice        ##....       10%         2    ##.....
c - Confuse               Hex            ###.....     10%         3    ###....
d - Tukima's Dance        Hex            ###.....     10%         3    ###....


Dungeon Overview and Level Annotations

Branches:
Dungeon (1/1)

Altars:


Innate Abilities, Weirdness & Mutations

You are tiny and cannot use many weapons and most armour.
You have supernaturally acute eyesight.
You are a herbivore.
You cover ground extremely quickly.
You need consume almost no food.


Message History

The phantom blinks!
You enter the shallow water.
Moving in this stuff is going to be slow.
You hit the phantom.
The phantom is almost destroyed.
The phantom blinks!
The phantom stops glowing.
The phantom closely misses you.
You hit the phantom but do no damage.
The phantom is almost destroyed.
The phantom closely misses you.
Casting: Corona
Confirm with . or Enter, or press ? or * to list all spells.
Aiming: Corona
Press: ? - help, Shift-Dir - straight line, f/p - phantom
Aim: a phantom (almost destroyed, chance to defeat MR: 38%)
The phantom resists with significant effort.
The phantom hits you!
Ouch! That really hurt!
You die...

▓▓▓▓ ▓▓▓▓▓▓▓ ▓<.#
+...♣.♣ ▓..#
#.....♣♣
▓#'####....♣.♣
▓.....#....≈.♣♣
▓.....#...≈≈♣.♣ #
▓.....#..≈≈@W.♣♣ .+
▓####'#..≈≈≈≈≈≈♣♣.#
▓.....#.≈≈≈≈≈≈....#
▓.[...#.≈≈≈≈≈.....#
▓.....#.≈≈≈.......#
▓'#####...........#
▓.................#
▓▓▓▓▓▓▓▓▓▓▓▓▓▓▓▓▓▓▓


You could see a phantom.

Vanquished Creatures
  Jessica (D)
  A human (D)
  An ooze (D)
  A rat (D)
4 creatures vanquished.

Vanquished Creatures (others)
  2 draconian scorchers (D)
  A yaktaur (D)
3 creatures vanquished.

Grand Total: 7 creatures vanquished

Notes
Turn   | Place    | Note
--------------------------------------------------------------
     0 | D        | Kidiri the Spriggan Enchanter began the quest for the Orb.
     0 | D        | Reached XP level 1. HP: 9/9 MP: 5/5
    10 | D        | Reached skill level 5 in Stealth
    16 | D        | Noticed Jessica
    19 | D        | Killed Jessica
    19 | D        | Reached skill level 5 in Dodging
    19 | D        | Reached skill level 6 in Stealth
    19 | D        | Reached XP level 2. HP: 13/13 MP: 6/8
    19 | D        | Reached XP level 3. HP: 16/16 MP: 6/9
    38 | D        | Killed a yaktaur
    87 | D        | Learned a level 2 spell: Ensorcelled Hibernation
    91 | D        | Learned a level 3 spell: Confuse
    95 | D        | Learned a level 3 spell: Tukima's Dance
   269 | D        | Killed a white draconian scorcher
   317 | D        | Reached skill level 7 in Stealth
   320 | D        | Killed a white draconian scorcher
   385 | D        | Slain by a phantom

Vault maps used:
D:        dungeon_sprint_mu

Action                   || total
-------------------------++-------
Melee: Dagger            ||    19
 Cast: Corona            ||     5
       Ensorcelled Hiber ||     1
 Stab: Sleeping          ||     3
